Map: Stargazers

Players

Pituiberries - Winner!

  • Race: Protoss Protoss
  • League: Platinum
  • Spawn Location: 11:00

BigBeezy

  • Race: Zerg Zerg
  • League: Platinum
  • Spawn Location: 1:00

VOD

Have the link to the VOD?

Description

Time

  • Played on: Aug. 7, 2022, 12:56 a.m.
  • Length: 16:21
Show
View Real Time Build Order
Export as new Build Order

Pituiberries Protoss - Winner!

Build Orders:  

Get SALT Encoding   

  12  0:00  Probe  
  13  0:12  Probe  
  14  0:22  Pylon  
  14  0:25  Assimilator  
  15  0:28  Probe  
  15  0:40  Probe (Chrono Boost)  
  17  0:50  Probe (Chrono Boost)  
  17  0:55  Probe (Chrono Boost)  
  18  1:14  Nexus  
  18  1:23  Gateway  
  18  1:37  Forge  
  18  1:39  Probe  
  19  1:51  Gateway  
  19  1:57  Probe  
  20  2:02  Pylon  
  20  2:10  Zealot (Chrono Boost)  
  20  2:13  Photon Cannon  
  22  2:22  Probe  
  23  2:30  Cybernetics Core  
  23  2:39  Probe x2  
  23  2:42  Assimilator  
  25  3:00  Probe x2  
  27  3:12  Probe  
  28  3:14  Stalker  
  28  3:15  Warp Gate  
  28  3:18  Probe  
  31  3:21  Pylon  
  31  3:24  Probe  
  31  3:26  Shield Battery  
  32  3:30  Probe  
  33  3:35  Pylon  
  33  3:36  Probe  
  34  3:42  Probe  
  34  3:48  Probe  
  36  3:51  Photon Cannon  
  36  3:55  Probe  
  37  4:00  Probe  
  38  4:07  Probe  
  39  4:12  Probe  
  40  4:18  Stargate  
  40  4:25  Nexus  
  40  4:27  Shield Battery  
  40  4:30  Pylon  
  40  4:33  Probe (Chrono Boost)  
  40  4:35  Probe (Chrono Boost), Assimilator  
  42  4:45  Probe (Chrono Boost)  
  44  4:50  Probe (Chrono Boost)  
  44  4:51  Probe (Chrono Boost)  
  45  4:59  Probe x2  
  47  5:01  Protoss Ground Weapons Level 1 (Chrono Boost)  
  47  5:11  Photon Cannon  
  47  5:13  Photon Cannon  
  47  5:15  Probe x2, Pylon  
  47  5:17  Assimilator  
  47  5:20  Pylon  
  53  5:24  Void Ray (Chrono Boost)  
  53  5:28  Gateway  
  53  5:32  Robotics Facility  
  53  5:36  Probe x2  
  53  5:40  Probe  
  56  5:43  Pylon  
  56  5:48  Probe  
  57  5:56  Probe  
  57  5:57  Probe  
  59  6:00  Probe  
  59  6:02  Void Ray (Chrono Boost)  
  59  6:03  Photon Cannon  
  64  6:04  Shield Battery  
  64  6:09  Twilight Council  
  64  6:14  Pylon  
  64  6:17  Gateway  
  64  6:18  Probe x2  
  64  6:19  Probe  
  64  6:24  Stalker x2  
  75  6:40  Void Ray (Chrono Boost)  
  75  6:41  Observer  
  75  6:43  Probe x3  
  75  6:46  Assimilator  
  79  6:47  Assimilator  
  79  6:48  Shield Battery  
  79  6:52  Pylon  
  79  6:55  Probe x2, Sentry  
  79  7:00  Charge  
  79  7:01  Robotics Bay  
  83  7:02  Stalker x2  
  83  7:05  Observer  
  83  7:07  Probe x2  
  83  7:08  Probe  
  91  7:16  Zealot  
  91  7:22  Zealot  
  93  7:36  Zealot x2  
  97  7:37  Zealot  
  86  7:56  Zealot  
  86  7:57  Zealot x3  
  82  8:05  Probe x3  
  72  8:17  Zealot x2  
  72  8:18  Zealot x2  
  77  8:25  Probe  
  82  8:39  Void Ray (Chrono Boost)  
  82  8:42  Probe x2  
  82  8:43  Probe  
  82  8:48  Stalker x2  
  87  8:49  Stalker x2  
  93  9:10  Extended Thermal Lance (Chrono Boost)  
  93  9:14  Colossus  
  103  9:19  Void Ray (Chrono Boost)  
  103  9:22  Pylon  
  103  9:26  Probe (Chrono Boost), Pylon  
  103  9:27  Probe x2 (Chrono Boost)  
  103  9:29  Photon Cannon  
  106  9:37  Probe x3 (Chrono Boost)  
  109  9:42  Probe x3 (Chrono Boost)  
  109  9:45  Nexus  
  112  9:49  Fleet Beacon  
  112  9:52  Stargate  
  112  9:53  Gateway  
  112  9:57  Gateway  
  112  10:01  Void Ray  
  112  10:03  Protoss Air Weapons Level 1 (Chrono Boost)  
  112  10:10  Protoss Ground Weapons Level 2 (Chrono Boost)  
  112  10:11  Colossus (Chrono Boost)  
  118  10:15  Zealot x3  
  118  10:21  Pylon  
  120  10:28  Pylon  
  120  10:48  Void Ray  
  120  10:53  Gravitic Boosters (Chrono Boost)  
  120  10:58  Flux Vanes  
  120  11:00  Carrier  
  120  11:01  Colossus (Chrono Boost)  
  132  11:05  Photon Cannon  
  132  11:06  Photon Cannon  
  132  11:08  Shield Battery  
  132  11:09  Probe x2, Pylon  
  132  11:10  Probe  
  135  11:14  Zealot x2  
  135  11:15  Zealot x3  
  142  11:27  Probe x2  
  138  11:37  Zealot x3  
  138  11:38  Zealot x2  
  147  11:55  Pylon  
  147  11:56  Pylon  
  133  12:06  Colossus  
  133  12:16  Pylon  
  133  12:26  Pylon  
  133  12:28  Pylon  
  133  12:29  Nexus  
  133  12:37  Nexus  
  133  12:38  Zealot x6  
  145  13:05  Probe  
  145  13:06  Probe x2  
  136  13:13  Photon Cannon  
  136  13:14  Photon Cannon  
  136  13:16  Photon Cannon  
  136  13:18  Probe x2, Photon Cannon  
  136  13:19  Shield Battery  
  138  13:20  Shield Battery  
  138  13:23  Protoss Shields Level 1 (Chrono Boost), Photon Cannon  
  138  13:24  Templar Archives, Shield Battery  
  138  13:26  Gateway  
  138  13:27  Pylon  
  138  13:29  Pylon  
  138  13:30  Gateway  
  138  13:36  Protoss Air Armor Level 1  
  138  13:37  Shield Battery  
  138  13:45  Zealot x4  
  146  13:50  Zealot x2  
  146  13:54  Observer (Chrono Boost)  
  144  14:30  Carrier x2  
  156  14:33  Zealot x3  
  156  14:34  Zealot x4  
  170  14:46  Probe x3  
  170  14:49  Assimilator  
  170  14:51  Assimilator  
  173  14:52  Nexus  
  163  15:49  Pylon  
  163  15:52  Zealot  
  164  16:00  Zealot x5  
  164  16:01  Zealot  
  172  16:10  Zealot  
Show
View Real Time Build Order
Export as new Build Order

BigBeezy Zerg 

Build Orders: Pool First, Lurkers 

Get SALT Encoding   

  12  0:00  Drone  
  13  0:13  Overlord  
  13  0:16  Drone  
  14  0:31  Drone x2  
  16  0:36  Drone  
  17  0:45  Spawning Pool  
  17  0:48  Drone  
  17  1:09  Hatchery  
  16  1:12  Drone  
  16  1:15  Extractor  
  16  1:26  Drone  
  16  1:29  Drone  
  16  1:32  Zergling x2  
  19  1:34  Queen  
  21  1:40  Drone  
  22  1:58  Overlord  
  22  2:15  Queen  
  22  2:16  Drone x2  
  22  2:22  Drone x2  
  28  2:25  Metabolic Boost  
  28  2:36  Drone x2  
  30  2:44  Drone x3  
  30  2:45  Drone  
  34  3:02  Drone x2  
  34  3:04  Overlord  
  34  3:05  Overlord  
  36  3:13  Hatchery  
  36  3:16  Drone  
  36  3:21  Queen  
  38  3:32  Drone x8  
  46  3:44  Drone x2  
  48  3:57  Drone x4  
  48  4:02  Overlord x2  
  51  4:03  Overlord  
  51  4:14  Overlord x2  
  51  4:24  Extractor  
  51  4:25  Drone  
  51  4:26  Drone x3  
  51  4:30  Extractor  
  51  4:31  Drone x2  
  54  4:34  Roach Warren  
  54  4:35  Evolution Chamber  
  54  4:36  Drone  
  54  4:39  Lair  
  54  4:40  Drone  
  54  4:41  Drone  
  54  4:42  Drone x5  
  61  5:01  Drone  
  62  5:08  Queen  
  64  5:15  Zerg Missile Weapons Level 1  
  64  5:19  Roach x9  
  82  5:22  Overlord x3  
  82  5:28  Drone  
  82  5:31  Drone  
  82  5:32  Queen, Extractor  
  85  5:36  Extractor  
  84  5:48  Overseer  
  84  5:51  Overseer  
  84  5:53  Roach  
  84  5:54  Roach x5  
  96  5:57  Drone x3  
  96  5:59  Drone x3  
  102  6:14  Roach x6  
  102  6:15  Overlord  
  114  6:30  Overlord x2  
  114  6:31  Overlord  
  114  6:43  Overlord  
  114  6:44  Overlord x2  
  114  6:52  Overseer  
  114  6:53  Roach  
  114  6:54  Roach x6  
  128  7:02  Roach x2  
  128  7:07  Roach  
  128  7:08  Roach x3  
  140  7:13  Ravager  
  140  7:14  Ravager x3  
  144  7:16  Roach x2  
  138  7:42  Roach  
  138  7:43  Roach x13  
  155  7:49  Roach x3  
  153  7:59  Extractor  
  142  8:11  Queen x2  
  142  8:12  Hydralisk Den, Queen  
  112  8:34  Hydralisk Den  
  109  8:47  Queen  
  107  8:54  Hatchery  
  96  8:59  Hydralisk x9  
  96  9:00  Hydralisk x5  
  104  9:09  Muscular Augments  
  104  9:21  Drone  
  104  9:23  Queen  
  107  9:30  Hydralisk x5  
  107  9:31  Hydralisk x2  
  121  9:48  Roach x8  
  135  9:59  Roach  
  137  10:03  Overlord x3  
  135  10:18  Roach  
  135  10:19  Overlord x3  
  135  10:45  Hydralisk x15  
  165  10:50  Overseer  
  165  10:55  Lurker Den  
  164  11:03  Infestation Pit  
  163  11:04  Hatchery  
  163  11:07  Roach x6  
  163  11:08  Roach  
  176  11:13  Roach x4  
  182  11:28  Hatchery  
  163  11:35  Roach x6  
  175  11:44  Zergling x12  
  153  12:02  Roach x4  
  155  12:09  Roach  
  155  12:10  Roach x5  
  167  12:37  Roach x9  
  167  12:40  Overlord x2  
  167  12:42  Hive  
  178  13:18  Lurker  
  178  13:19  Lurker x4  
  183  13:20  Overlord  
  183  13:21  Overlord x2  
  183  13:33  Overlord x2  
  163  14:07  Roach x16  
  169  14:31  Roach x12  
  184  14:39  Grooved Spines  
  184  14:41  Adaptive Talons  
  184  14:43  Zergling x16  
  192  14:55  Lurker x4  
  192  14:56  Lurker x3  
  182  15:22  Hydralisk  
  182  15:24  Overlord x3  
Tags
 
Composition
Lurkers
Matchup
PvZ
Opening
Pool First
Spawn Locations
Close Positions
Add a new tag
Caveats
  • Supply blocks, unpowered buildings, or Contaminate may cause inaccurate times.
  • Supply counts are checked every 10 seconds.